 Dungeon Crawl Stone Soup version 0.28-a0-1555-g9ae15a6949 (webtiles) character file.

Game seed: 10128896307331390930

20 HallandMoats the Skirmisher (level 2, -2/26 HPs)
             Began as a Ghoul Monk on Jan 18, 2022.
             Slain by an orc (4 damage)
             ... on level 2 of the Dungeon.
             The game lasted 00:00:55 (796 turns).

HallandMoats the Skirmisher (Ghoul Monk)             Turns: 796, Time: 00:00:56

Health: -2/26      AC:  2    Str: 14    XL:     2   Next: 79%
Magic:  1/1        EV: 12    Int:  5    God:
Gold:   63         SH:  0    Dex: 11    Spells: 1/1 levels left

rFire   . . .      SeeInvis .     - Unarmed
rCold   + . .      Faith    .   (no shield)
rNeg    + + +      Spirit   .   a - +0 robe
rPois   ∞          Reflect  .   (no helmet)
rElec   .          Harm     .   (no cloak)
rCorr   .          Rampage  .   (no gloves)
Will    .....                   (no boots)
Stlth   ++........              (no amulet)
HPRegen 0.00/turn               (no ring)
MPRegen 0.07/turn               (no ring)

@: inhibited regen
A: claws 1, cold resistance 1, negative energy resistance 3, inhibited
regeneration, torment resistance 2
a: no special abilities


You were on level 2 of the Dungeon.
You visited 1 branch of the dungeon, and saw 2 of its levels.

You collected 63 gold pieces.

Inventory:

Hand Weapons
 h - the +6 rapier "Vaeq" {antimagic, rC+ Stlth+}
   (You found it on level 2 of the Dungeon)

   It reduces the magical energy of the wielder, and disrupts the spells and
   magical abilities of those it strikes.
   Natural abilities and divine invocations are not affected.
   rC:        It protects you from cold.
   Stlth:     It makes you more stealthy.
Armour
 a - a +0 robe (worn)
Scrolls
 c - 4 scrolls of identify {unknown}
 f - a scroll of torment {unknown}
Potions
 b - a potion of attraction {unknown}
 d - a potion of haste {unknown}
 e - a potion of heal wounds {unknown}
 g - a potion of curing {unknown}


   Skills:
 * Level 3.6 Fighting
 * Level 1.0 Axes
 + Level 0.5 Armour
 + Level 2.8 Dodging
 - Level 2.1 Stealth
 - Level 3.2 Unarmed Combat
 + Level 0.5 Invocations


You had one spell level left.
You didn't know any spells.
Your spell library was empty.

Dungeon Overview and Level Annotations

Branches:
Dungeon (2/15)

Altars:

Shops:
D:2 [


Innate Abilities, Weirdness & Mutations

You thrive by killing the living.
You are immune to poison.
You have sharp fingernails.
Your flesh is cold resistant. (rC+)
You are immune to negative energy. (rN+++)
You do not regenerate when monsters are visible.
You are immune to unholy pain and torment.


Message History

You are too injured to fight recklessly!
You are too injured to fight recklessly!
You are too injured to fight recklessly!
You are too injured to fight recklessly!
You are too injured to fight recklessly!
You are too injured to fight recklessly!
You are too injured to fight recklessly!
You are too injured to fight recklessly!
You are too injured to fight recklessly!
You are too injured to fight recklessly!
You are too injured to fight recklessly!
You are too injured to fight recklessly!
The orc priest hits you but does no damage.
The orc barely misses you.
You are too injured to fight recklessly!
You are too injured to fight recklessly!
You scratch the orc.
The orc is severely wounded.
The orc hits you with a +0 dagger.
You closely miss the orc.
The orc is severely wounded.
The orc barely misses you.
You scratch the orc but do no damage. Your claw misses the orc.
The orc is severely wounded.
The orc hits you with a +0 dagger.
The orc hits you from afar with a +0 trident!
* * * LOW HITPOINT WARNING * * *
You scratch the orc.
You kill the orc!
The orc hits you but does no damage.
Your Axes skill increases to level 1!
Found a dagger and an Everburning Encyclopedia.
Found a blackened rapier and a marble ring.
A kobold comes into view. It is wielding a +0 dagger of venom.
The kobold shouts!
The orc priest looks braver for a moment.
You see here the +6 rapier "Vaeq" {antimagic, rC+ Stlth+}.
h - the +6 rapier "Vaeq" {antimagic, rC+ Stlth+} The orc hits you from afar with a +0 trident.
You die...

..# ..# # ... ..# ......
..# .#... ..###.# ....
......# ########..#
..<########.........
..................######
#######=........@.......
# ......:)..######. #
#........oK#
#..........#####
###.........o......
#####............o#####
...#[.................
.................#####
.....†...........#


You could see an orc priest, 2 orcs and a kobold.

Vanquished Creatures
  A worm (D:2)
  A dart slug (D:1)
  2 orcs (D:2)
  An endoplasm (D:1)
  A goblin (D:1)
  A hobgoblin (D:2)
  2 ball pythons (D:2)
  2 bats
  A frilled lizard (D:2)
  2 rats
14 creatures vanquished.

Notes
Turn   | Place    | Note
-------+----------+-------------------------------------------
     0 | D:1      | HallandMoats the Ghoul Monk began the quest for the Orb.
     0 | D:1      | Reached XP level 1. HP: 19/19 MP: 0/0
   414 | D:1      | Reached XP level 2. HP: 24/26 MP: 1/1
   637 | D:2      | Found Emavei's Armour Emporium.
   786 | D:2      | Reached skill level 1 in Axes
   795 | D:2      | Identified the +6 rapier "Vaeq" {antimagic, rC+ Stlth+}
   796 | D:2      | Slain by an orc

Illustrated notes

Levels and vault maps discovered:
D:1:      ncdulo_lavacross, layout_basic
D:2:      layout_rooms, shapermc_ecumenical_altar_mp_urbaneastern, serial_shops,
          shop, uniq_crazy_yiuf_cottage

Skill      XL: |  1  2 |
---------------+-------+-----
Axes           | 1 |  1.0
Fighting       | |  3.6
Armour         | |  0.5
Dodging        | |  2.8
Stealth        | |  2.1
Unarmed Combat | |  3.2
Invocations    | |  0.5

Action                   || total
-------------------------++-------
Melee: Unarmed           ||    34
       Punch             ||     2
 Stab: Sleeping          ||     2
Armor: Robe              ||     5
Dodge: Dodged            ||    14

Table legend: (Time is in decaauts)
 A = Elapsed time spent in this place.
 B = Non-inter-level travel time spent in this place.
 C = Inter-level travel time spent in this place.
 D = Time resting spent in this place.
 E = Time spent auto-exploring this place.
 F = Levels seen in this place.
 G = Mean time per level.
                   A        B        C        D        E       F      G
               +--------+--------+--------+--------+--------+-----+--------+
         Total |    794 |    777 |     17 |      0 |    658 |   2 |  397.0 |
       Dungeon |    794 |    777 |     17 |      0 |    658 |   2 |  397.0 |
               +--------+--------+--------+--------+--------+-----+--------+

Top non-repeatable levels by time:
     D:1: 620 daAuts
     D:2: 173 daAuts
